 Dungeon Crawl Stone Soup version 0.32-a0-975-g85d4e5bfdb (webtiles) character file.

Game seed: 6107096730283453504

32 Shayle the Apothecary (level 3, -2/24 HPs)
             Began as a Coglin Alchemist on Apr 18, 2024.
             Slain by a kobold
             ... wielding the +7 short sword "Okokkos" {freeze, Int+2 SInv}
              (8 damage)
             ... on level 2 of the Dungeon.
             The game lasted 00:02:57 (1041 turns).

Shayle the Apothecary (Coglin Alchemist)            Turns: 1041, Time: 00:02:57

Health: -2/24      AC:  2    Str:  8    XL:     3   Next: 25%
Magic:  1/5        EV: 11    Int: 16    God:
Gold:   138        SH:  0    Dex: 14    Spells: 1/5 levels left

rFire   . . .        e - +0 whip {Anan}
rCold   . . .        k - staff of alchemy {Arun}
rNeg    . . .        a - +0 robe
rPois   +            (no helmet)
rElec   .            (no cloak)
rCorr   .            (no gloves)
SInv    .            (no boots)
Will    .....        (amulet unavailable)
Stlth   ++           (ring unavailable)
HPRegen 0.24/turn    (ring unavailable)
MPRegen 0.09/turn    (no gizmo)

%: no passive effects
@: very slightly contaminated
A: off-hand wielding, slow wielding, warmup strikes, no jewellery
a: Invent Gizmo


You were on level 2 of the Dungeon.
You visited 1 branch of the dungeon, and saw 2 of its levels.

You collected 138 gold pieces.

Inventory:

Hand Weapons
 e - a +0 whip (weapon) {Anan}
 f - a +0 dagger {Ankherfenedjef}
 m - a +0 sling
Armour
 a - a +0 robe (worn)
 j - the +0 robe of Caino {-Cast Str+4 Slay+2}
   (You found it on level 2 of the Dungeon)

   Str+4:     It affects your strength (+4).
   Slay+2:    It affects your accuracy & damage with ranged weapons and melee
   (+2).
   -Cast:     It prevents spellcasting.
Magical Staves
 k - a staff of alchemy (offhand) {Arun}
Scrolls
 c - a scroll of identify {unknown}
 d - a scroll of poison {unknown}
 h - 4 scrolls of summoning {unknown}
 i - a scroll of fear {unknown}
 l - a scroll of amnesia {unknown}
Potions
 b - a potion of magic
 g - a potion of enlightenment {unknown}
 n - a potion of invisibility {unknown}


   Skills:
 + Level 0.4 Staves
 - Level 1.7 Dodging
 - Level 1.5 Stealth
 - Level 1.7 Spellcasting
 + Level 1.6 Conjurations
 + Level 1.1 Air Magic
 + Level 3.7 Alchemy
 + Level 0.9 Evocations


You had one spell level left.
You knew the following spells:

 Your Spells              Type           Power      Damage    Failure   Level
a - Sting                 Conj/Alch      56%        1d6       7%          1
b - Mephitic Cloud        Conj/Alch/Air  12%        N/A       26%         3

Your spell library contained the following spells:

 Spells                   Type           Power      Damage    Failure   Level
 Mercury Vapours          Alch/Air       26%        N/A       12%         2
 Olgreb's Toxic Radiance  Alch           19%        N/A       43%         4
 Sticky Flame             Fire/Alch      10%        2d5       69%         4


Dungeon Overview and Level Annotations

Branches:
Dungeon (2/15)

Altars:


Innate Abilities, Weirdness & Mutations

You can wield a second weapon in your off-hand.
It takes a long time for you to wield or remove held weapons.
Your first few attacks do less damage.
You cannot equip rings or amulets.


Message History

You hit the hobgoblin but do no damage.
The hobgoblin is lightly wounded.
You hit the hobgoblin with your staff of alchemy.
The hobgoblin closely misses you.
A ribbon worm comes into view.
The hobgoblin hits you.
Casting: Sting (safe; 7% risk of failure)
Confirm with . or Enter, or press ? or * to list all spells.
Aiming: Sting (safe; 7% risk of failure)
Press: ? - help, Shift-Dir - straight line, f - hobgoblin
Aim: a hobgoblin (moderately wounded, 71% to hit)
You feel a surge of power!
The sting hits the hobgoblin.
The hobgoblin is poisoned.
You kill the hobgoblin!
Casting: Sting (safe; 7% risk of failure)
Confirm with . or Enter, or press ? or * to list all spells.
Aiming: Sting (safe; 7% risk of failure)
Press: ? - help, Shift-Dir - straight line, f - kobold
Aim: a kobold, wielding the +7 short sword "Okokkos" {freeze, Int+2 SInv} (64% to hit)
You feel a surge of power!
You miscast Sting.
You are very lightly contaminated with residual magic.
Nothing appears to happen.
The kobold misses you.
Casting: Sting (safe; 7% risk of failure)
Confirm with . or Enter, or press ? or * to list all spells.
Aiming: Sting (safe; 7% risk of failure)
Press: ? - help, Shift-Dir - straight line, f/p - kobold
Aim: a kobold, wielding the +7 short sword "Okokkos" {freeze, Int+2 SInv} (64% to hit)
You feel a surge of power!
The sting hits the kobold.
The kobold is poisoned.
The kobold is moderately wounded.
The kobold hits you with the +7 short sword "Okokkos".
The kobold freezes you.
* * * LOW HITPOINT WARNING * * *
Casting: Sting (safe; 7% risk of failure)
Confirm with . or Enter, or press ? or * to list all spells.
Aiming: Sting (safe; 7% risk of failure)
Press: ? - help, Shift-Dir - straight line, f/p - kobold
Aim: a kobold, wielding the +7 short sword "Okokkos" {freeze, Int+2 SInv} (moderately wounded, poisoned, 64% to hit)
You feel a surge of power!
The sting misses the kobold.
The kobold hits you with the +7 short sword "Okokkos"!
You die...

#...............#
##..†......####.. ####
####................
.............#####.......
#....#..................
##....#..###.#########.#.
......#..###.########....
#.......................
#......@..........###.#.
#.....#K##........###.#.
....w..............<.#.#.
##.##..##.>...######.....
.. #.# #.##.## #.#.#. .
#.. ....... #..... ....
##........ #.#.#. ##...
#........# #..... ..
########## #..>..


You could see a ribbon worm and a kobold (poisoned).

Vanquished Creatures
  2 dart slugs (D:1)
  3 ball pythons
  2 bats (D:1)
  4 endoplasms
  A giant cockroach (D:1)
  2 goblins (D:1)
  5 hobgoblins
  3 kobolds (D:1)
  A frilled lizard (D:1)
  2 rats (D:2)
25 creatures vanquished.

Notes
Turn   | Place    | Note
-------+----------+-------------------------------------------
     0 | D:1      | Shayle the Coglin Alchemist began the quest for the Orb.
     0 | D:1      | Reached XP level 1. HP: 13/13 MP: 3/3
    98 | D:1      | Reached skill level 1 in Conjurations
   335 | D:1      | Reached XP level 2. HP: 19/19 MP: 4/4
   390 | D:1      | You fall into a shaft and drop 1 floor!
   406 | D:2      | Identified the +0 robe of Caino {-Cast Str+4 Slay+2}
   633 | D:1      | Reached skill level 1 in Air Magic
   811 | D:1      | Reached XP level 3. HP: 24/24 MP: 3/5
   815 | D:1      | Learned a level 3 spell: Mephitic Cloud
  1034 | D:2      | Identified the +7 short sword "Okokkos" {freeze, Int+2
                  | SInv}
  1041 | D:2      | Slain by a kobold

Illustrated notes

Levels and vault maps discovered:
D:1:      psy_arrival_dodecagon, layout_basic
D:2:      layout_rooms, serial_glass, glass_columns_a, glass_columns_c

Skill      XL: |  1  2 |
---------------+-------+-----
Conjurations   | 1 |  1.6
Air Magic      | 1 |  1.1
Staves         | |  0.4
Dodging        | |  1.7
Stealth        | |  1.5
Spellcasting   | |  1.7
Alchemy        | |  3.7
Evocations     | |  0.9

Action                     || total
---------------------------++-------
  Melee: Whip              ||    49
         Dagger            ||     5
         Unarmed           ||     1
         Staff             ||    42
   Cast: Sting             ||    19
 Armour: Robe              ||    38
  Dodge: Dodged            ||    39

Table legend: (Time is in decaauts)
 A = Elapsed time spent in this place.
 B = Non-inter-level travel time spent in this place.
 C = Inter-level travel time spent in this place.
 D = Time resting spent in this place.
 E = Time spent auto-exploring this place.
 F = Levels seen in this place.
 G = Mean time per level.
                   A        B        C        D        E       F      G
               +--------+--------+--------+--------+--------+-----+--------+
         Total |   1048 |   1036 |     12 |    146 |    592 |   2 |  524.0 |
       Dungeon |   1048 |   1036 |     12 |    146 |    592 |   2 |  524.0 |
               +--------+--------+--------+--------+--------+-----+--------+

Top non-repeatable levels by time:
     D:1: 753 daAuts
     D:2: 294 daAuts
